 Dungeon Crawl Stone Soup version 0.30-a0-4-ga7cffc901d (webtiles) character file.

Game seed: 3219406262441107105

77 drpainis the Magician (level 4, -1/21 HPs)
             Began as a Spriggan Summoner on Aug 20, 2022.
             Killed from afar by Sigmund (8 damage)
             ... with a puff of flame
             ... on level 3 of the Dungeon.
             The game lasted 00:05:39 (5394 turns).

drpainis the Magician (Spriggan Summoner)           Turns: 5394, Time: 00:05:40

Health: -1/21      AC:  2    Str:  4    XL:     4   Next: 14%
Magic:  2/11       EV: 17    Int: 18    God:
Gold:   78         SH:  0    Dex: 15    Spells: 5/11 levels left

rFire   . . .      SeeInvis +    i - +1 short sword (venom)
rCold   . . .      Faith    .    (no shield)
rNeg    . . .      Spirit   .    a - +0 robe
rPois   .          Reflect  .    (helmet restricted)
rElec   .          Harm     .    (no cloak)
rCorr   .          Rampage  .    (gloves unavailable)
Will    .....                    (boots unavailable)
Stlth   ++........               (no amulet)
HPRegen 0.07/turn                (no ring)
MPRegen 0.12/turn                (no ring)

@: very quick
A: very small, no large weapons, unfitting armour, see invisible, speed 3
a: no special abilities


You were on level 3 of the Dungeon.
You visited 1 branch of the dungeon, and saw 3 of its levels.

You collected 78 gold pieces.

Inventory:

Hand Weapons
 i - a +1 short sword of venom (weapon)
Missiles
 t - 5 datura-tipped darts
Armour
 a - a +0 robe (worn)
Magical Staves
 f - a staff of conjuration
 r - a staff of air
Jewellery
 c - a ring of fire
 v - a ring of protection from fire
Scrolls
 d - 4 scrolls of identify {unknown}
 e - a scroll of enchant armour {unknown}
 j - a scroll of torment {unknown}
 l - a scroll of acquirement {unknown}
 m - a scroll of poison {unknown}
 o - a scroll of immolation {unknown}
 p - a scroll of fear {unknown}
 q - a scroll of teleportation {unknown}
Potions
 b - 2 potions of magic
 g - 2 potions of lignification {unknown}
 h - a potion of ambrosia {unknown}
 k - 2 potions of berserk rage {unknown}
 n - a potion of curing {unknown}
 s - 3 potions of heal wounds {unknown}
 u - a potion of brilliance {unknown}
 w - a potion of haste {unknown}


   Skills:
 + Level 0.1 Fighting
 + Level 0.1 Short Blades
 + Level 3.2 Dodging
 + Level 3.4 Stealth
 + Level 4.0 Spellcasting
 + Level 3.8 Summonings


You had 5 spell levels left.
You knew the following spells:

 Your Spells              Type           Power      Damage    Failure   Level
a - Summon Small Mammal   Summ           68%        N/A       3%          1
b - Call Imp              Summ           17%        N/A       4%          2
c - Call Canine Familiar  Summ           17%        N/A       9%          3

Your spell library contained the following spells:

 Spells                   Type           Power      Damage    Failure   Level
 Freeze                   Ice            12%        1d4       14%         1
 Sandblast                Erth           6%         2d5       14%         1
 Summon Guardian Golem    Hex/Summ       10%        N/A       21%         3
 Passwall                 Tmut/Erth      2%         N/A       22%         2
 Frozen Ramparts          Ice            6%         1d1       41%         3
 Stone Arrow              Conj/Erth      6%         3d7       41%         3
 Tukima's Dance           Hex            3%         N/A       41%         3
 Summon Lightning Spire   Summ/Air       10%        N/A       54%         4
 Hailstorm                Conj/Ice       3%         3d3       82%         4
 Passage of Golubria      Tloc           3%         N/A       82%         4
 Alistair's Intoxication  Tmut/Pois      2%         N/A       99%         5
 Borgnjor's Vile Clutch   Necr/Erth      1%         N/A       99%         5
 Yara's Violent Unravell  Hex/Tmut       1%         3d3       99%         5
 Eringya's Noxious Bog    Tmut/Pois      1%         N/A       100%        6


Dungeon Overview and Level Annotations

Branches:
Dungeon (3/15)

Altars:

Annotations:
D:3 Sigmund


Innate Abilities, Weirdness & Mutations

You are very small and have problems with some larger weapons.
You are too small for most types of armour.
You have supernaturally acute eyesight. (SInv)
You cover ground extremely quickly. (Speed+++)


Message History

The spell is quite dangerous to miscast (9% risk of failure)!
Continue anyway?
Unknown command.
You swap places.
The dart slug launches a dart at you. The slug dart misses your bat.
The slug dart hits your rat.
Your rat dies!
Your rat's corpse disappears in a puff of smoke!
Your bat hits Sigmund.
Sigmund hits your shadow imp with a +1 scythe of venom!
Your bat hits Sigmund but does no damage.
The dart slug launches a dart at you. The slug dart hits your shadow imp.
Your shadow imp dies!
Your shadow imp disappears in a puff of smoke!
Your bat hits Sigmund but does no damage.
Your bat hits the dart slug but does no damage.
Sigmund closely misses your hound. The dart slug launches a dart at you.
The slug dart misses your bat. The slug dart hits you.
Your bat completely misses Sigmund.
Your hound bites the dart slug.
Sigmund zaps a wand.
The roots erupt in riotous growth!
The grasping roots grab you! The grasping roots constrict you.
* * * LOW HITPOINT WARNING * * *
The dart slug launches a dart at you. The slug dart hits your bat.
Your bat dies!
Your bat's corpse disappears in a puff of smoke!
Casting: Call Canine Familiar (quite dangerous; 9% risk of failure)
Confirm with . or Enter, or press ? or * to list all spells.
You don't have enough magic to cast this spell.
There are monsters nearby!
Unknown command.
Unknown command.
You escape the roots grasp.
Your hound bites the dart slug.
Sigmund gestures wildly while chanting.
Sigmund flickers and vanishes for a moment.
Sigmund points at you and mumbles some strange words.
The puff of flame hits you!
You die...

#####
....########################
..wh@....@......@...........
###ยง############.....###...#
#.# #.###.#...# #@# #.###...#
###.# #.#.....### .)..#
#...#.#.#.. #####
##.#####.#.# #..# ###+#.#
#####..# #.....#


You could see Sigmund (invisible).

Vanquished Creatures
  A worm (D:3)
  An orc (D:3)
  2 ball pythons
  A bat (D:3)
  4 goblins
  A hobgoblin (D:1)
  2 kobolds (D:1)
  2 rats
14 creatures vanquished.

Vanquished Creatures (collateral kills)
  A gnoll (D:1)
  A dart slug (D:2)
  7 ball pythons
  2 endoplasms
  A giant cockroach (D:2)
  4 goblins
  2 hobgoblins
  8 jackals
  A quokka (D:1)
  4 bats (D:1)
  3 frilled lizards
  3 kobolds
  2 rats
39 creatures vanquished.

Grand Total: 53 creatures vanquished

Notes
Turn   | Place    | Note
-------+----------+-------------------------------------------
     0 | D:1      | drpainis the Spriggan Summoner began the quest for the Orb.
     0 | D:1      | Reached XP level 1. HP: 9/9 MP: 5/5
  1290 | D:1      | Reached XP level 2. HP: 11/13 MP: 1/6
  1817 | D:1      | Learned a level 2 spell: Call Imp
  2190 | D:1      | Reached skill level 3 in Spellcasting
  2354 | D:1      | Reached XP level 3. HP: 16/16 MP: 4/8
  2488 | D:1      | Learned a level 3 spell: Call Canine Familiar
  3275 | D:1      | Found a faded altar of an unknown god.
  4742 | D:3      | Reached skill level 4 in Spellcasting
  4762 | D:3      | Reached XP level 4. HP: 7/21 MP: 11/11
  5359 | D:3      | Noticed Sigmund
  5394 | D:3      | Killed from afar by Sigmund

Illustrated notes

Levels and vault maps discovered:
D:1:      minmay_arrival_semitransparent, layout_basic,
          shapermc_ecumenical_altar_mp_highgroup
D:2:      layout_loops_cross
D:3:      layout_basic, corexii_shack, uniq_sigmund, uniq_jessica

Skill      XL: |  1  2  3 |
---------------+----------+-----
Dodging        | 3 |  3.2
Spellcasting   | 3 4 |  4.0
Fighting       | |  0.1
Short Blades   | |  0.1
Stealth        | |  3.4
Summonings     | |  3.8

Action                   |  1- 3 |  4- 6 || total
-------------------------+-------+-------++-------
Melee: Staff             |    22 |       ||    22
       Unarmed           |     4 |       ||     4
       Short sword       |    12 |     6 ||    18
 Cast: Summon Small Mamm |    55 |     4 ||    59
       Call Imp          |     8 |     2 ||    10
       Call Canine Famil |     5 |     5 ||    10
 Stab: Sleeping          |     6 |     1 ||     7
Armor: Robe              |    12 |       ||    12
Dodge: Dodged            |    77 |     5 ||    82

Table legend: (Time is in decaauts)
 A = Elapsed time spent in this place.
 B = Non-inter-level travel time spent in this place.
 C = Inter-level travel time spent in this place.
 D = Time resting spent in this place.
 E = Time spent auto-exploring this place.
 F = Levels seen in this place.
 G = Mean time per level.
                   A        B        C        D        E       F      G
               +--------+--------+--------+--------+--------+-----+--------+
         Total |   4618 |   4586 |     32 |   2912 |   1016 |   3 | 1539.3 |
       Dungeon |   4618 |   4586 |     32 |   2912 |   1016 |   3 | 1539.3 |
               +--------+--------+--------+--------+--------+-----+--------+

Top non-repeatable levels by time:
     D:1: 3230 daAuts
     D:2: 834 daAuts
     D:3: 553 daAuts
